 Dungeon Crawl Stone Soup version 0.22.0-38-g04b72b8 (webtiles) character file.

477 tognito the Cleaver (level 6, -1/52 HPs)
             Began as a Minotaur Berserker on Aug 27, 2018.
             Was a Priest of Trog.
             Killed by nerve-wracking pain
             ... invoked by Grinder
              (2 damage)
             ... on level 3 of the Dungeon.
             The game lasted 00:05:37 (1755 turns).

tognito the Cleaver (Minotaur Berserker)            Turns: 1755, Time: 00:05:40

Health: -1/52      AC:  8    Str: 22 (23) XL:     6   Next: 85%
Magic:  5/5        EV:  8    Int:  2 (4)  God:    Trog [***...]
Gold:   222        SH:  0    Dex: 10      Spells: 5/5 levels left

rFire    . . .     SeeInvis .   a - +0 war axe
rCold    . . .     Gourm    .   (no shield)
rNeg     . . .     Faith    .   n - +0 chain mail
rPois    .         Spirit   .   (helmet restricted)
rElec    .         Reflect  .   (no cloak)
rCorr    .         Harm     .   (no gloves)
MR       .....                  (no boots)
Stlth    ..........             (no amulet)
HPRegen  0.17/turn              (no ring)
MPRegen  0.09/turn              (no ring)

@: berserk cooldown, slowed, very slow
A: retaliatory headbutt, horns 2
a: Berserk, Trog's Hand, Renounce Religion


You were on level 3 of the Dungeon.
You worshipped Trog.
Trog was most pleased with you.
You were very hungry.

You visited 1 branch of the dungeon, and saw 3 of its levels.

You collected 222 gold pieces.

Inventory:

Hand Weapons
 a - a +0 war axe (weapon)
Missiles
 h - 17 arrows
Armour
 n - a +0 chain mail (worn)
Scrolls
 b - 3 scrolls of remove curse {unknown}
 d - 5 scrolls of identify {unknown}
 e - a scroll of fear {unknown}
 f - a scroll of blinking {unknown}
 i - a scroll of amnesia {unknown}
 l - a scroll of teleportation {unknown}
 m - a scroll of noise {unknown}
Potions
 g - 2 potions of curing
 k - a potion of experience
Comestibles
 c - 3 rations
 j - 20 chunks of flesh


   Skills:
 + Level 4.1 Fighting
 * Level 13.7 Axes
 - Level 2.4 Armour
 + Level 2.5 Dodging


You had 5 spell levels left.
You didn't know any spells.
Your spell library was empty.

Dungeon Overview and Level Annotations

Branches:
Dungeon (3/15)

Altars:
Vehumet

Annotations:
D:3 Grinder


Innate Abilities, Weirdness & Mutations

You reflexively headbutt those who attack you in melee.
You have a pair of horns on your head.


Message History

a dagger; a chain mail; an orc corpse You feel a strong urge to attack something.
Items here: )))) [[ †† Grinder says, "I used to sell toenails on the black market."
Grinder blinks!
You feel your anger nearly subside.
You are no longer berserk.
You are exhausted.
You feel yourself slow down.
You feel better.
You feel better. Grinder gestures at you. Pain shoots through your body!
* * * LOW HITPOINT WARNING * * *
Grinder hits you.
* * * LOW HITPOINT WARNING * * *
You writhe in agony.
* * * LOW HITPOINT WARNING * * *
Grinder gestures at you. Pain shoots through your body!
You die...

#....# .... ##....# .....
#.....# ..... .## #.....#
.§.... ..#
#...######...... #.#
#..#####........ #.#
#..##..))# #.# #..##5####
#.# ##..##@#
#.###......#######.
##..#...............
######........#.......###
...........##.#.#######
######.###......#
.....#.....##.###
.###....##.#..#
.##(..........#


You could see Grinder.

Vanquished Creatures
  An orc warrior (D:3)
  An ogre (D:3)
  An orc wizard (D:3)
  3 orc priests (D:3)
  Jessica (D:2)
  2 adders (D:2)
  An ooze (D:1)
  A worm (D:3)
  A dart slug (D:3)
  2 leopard geckos (D:1)
  5 orcs (D:3)
  8 giant cockroaches
  8 goblins
  8 hobgoblins
  5 jackals
  7 kobolds
  A quokka (D:3)
  4 ball pythons
  5 bats
  5 frilled lizards
  8 rats
78 creatures vanquished.

Vanquished Creatures (others)
  3 orcs (D:3)
3 creatures vanquished.

Grand Total: 81 creatures vanquished

Notes
Turn   | Place    | Note
-------+----------+-------------------------------------------
     0 | D:1      | tognito the Minotaur Berserker began the quest for the Orb.
     0 | D:1      | Reached XP level 1. HP: 19/19 MP: 0/0
    55 | D:1      | Reached skill level 4 in Axes
   108 | D:1      | Reached XP level 2. HP: 24/26 MP: 1/1
   329 | D:1      | Reached skill level 5 in Axes
   411 | D:1      | Reached ** piety under Trog
   411 | D:1      | Reached XP level 3. HP: 30/31 MP: 2/2
   541 | D:1      | Reached skill level 13 in Axes
   541 | D:1      | Reached XP level 4. HP: 32/39 MP: 3/3
  1220 | D:2      | Noticed Jessica
  1228 | D:2      | Killed Jessica
  1228 | D:2      | Reached XP level 5. HP: 31/46 MP: 4/4
  1574 | D:3      | Found a radiant altar of Vehumet.
  1574 | D:3      | Noticed an ogre
  1580 | D:3      | Killed an ogre
  1610 | D:3      | Reached XP level 6. HP: 52/52 MP: 5/5
  1653 | D:3      | Reached *** piety under Trog
  1727 | D:3      | Noticed an orc warrior
  1738 | D:3      | Killed an orc warrior
  1740 | D:3      | Noticed Grinder
  1745 | D:3      | HP: 2/78 [Grinder/nerve-wracking pain (3)]
  1755 | D:3      | HP: 2/52 [Grinder (4)]
  1755 | D:3      | Killed from afar by Grinder

Skill      XL: |  1  2  3  4  5  6 |
---------------+-------------------+-----
Axes           | 4 5 13 | 13.7
Fighting       | 4 |  4.1
Armour         | |  2.4
Dodging        | |  2.5

Action                   |  1- 3 |  4- 6 || total
-------------------------+-------+-------++-------
Melee: Hand axe          |    53 |    73 ||   126
       Headbutt          |     7 |    13 ||    20
       War axe           |       |    21 ||    21
Invok: Berserk           |       |     2 ||     2
  Use: Potion            |     6 |     2 ||     8
  Eat: Chunk             |       |     3 ||     3
Armor: Animal skin       |     3 |       ||     3
       Scale mail        |    13 |    10 ||    23
       Chain mail        |       |    25 ||    25
Dodge: Dodged            |    31 |    30 ||    61
